 Dungeon Sprint DCSS version 0.26-a0-665-gefeb406119 (webtiles) character file.

Game seed: 12469814109197515424

21300000 olmar the Formicid Barricade (level 27, -9/249 HPs)
             Began as a Formicid Fighter on Oct 14, 2020.
             Was the Champion of Makhleb.
             Mangled by a bag of meat
             ... wielding a +9 war axe
              (15 damage)
             ... in the Dungeon (Sprint VIII: "Arena of Blood").
             The game lasted 00:05:06 (213 turns).

olmar the Formicid Barricade (Formicid Fighter)      Turns: 213, Time: 00:05:06

Health: -9/249     AC: 13    Str: 26    XL:     27
Magic:  54/54      EV: 31    Int:  8    God:    Makhleb [******]
Gold:   0          SH: 20    Dex: 18    Spells: 80/80 levels left

rFire    + . .     SeeInvis +   h - +∞ Axe of Woe
rCold    . . .     Faith    .   c - +0 kite shield
rNeg     . . .     Spirit   .   b - +0 scale mail
rPois    .         Reflect  .   (helmet unavailable)
rElec    .         Harm     .   (no cloak)
rCorr    .         Rampage  .   (no gloves)
MR       ++...                  (no boots)
Stlth    ++++++++..             (no amulet)
HPRegen  0.51/turn              i - ring of protection from fire
MPRegen  0.34/turn              (no ring)

@: no status effects
A: permanent stasis, dig shafts and tunnels, four strong arms, antennae 3
a: Dig, Minor Destruction, Lesser Servant of Makhleb, Major Destruction, Greater
Servant of Makhleb, Renounce Religion


You were in the Dungeon.
You worshipped Makhleb.
Makhleb was exalted by your worship.
You visited 1 branch

Inventory:

Hand Weapons
 a - a +0 war axe
 h - the +∞ Axe of Woe (weapon)
   (You found it in the Dungeon)
Armour
 b - a +0 scale mail (worn)
 c - a +0 kite shield (worn)
Jewellery
 i - a ring of protection from fire (left hand)
Potions
 d - a potion of might
 e - a potion of curing
 g - 2 potions of magic


   Skills:
 O Level 27 Fighting
 O Level 27 Axes
 O Level 27 Throwing
 O Level 27 Armour
 O Level 27 Dodging
 O Level 27 Stealth
 O Level 27 Shields
 O Level 27 Unarmed Combat
 O Level 27 Spellcasting
 O Level 27 Invocations


You had 80 spell levels left.
You didn't know any spells.
Your spell library was empty.

Dungeon Overview and Level Annotations

Branches:
Dungeon (1/1)

Altars:
Makhleb


Innate Abilities, Weirdness & Mutations

You cannot be hasted, slowed, berserked, paralysed or teleported.
You can dig through walls and to a lower floor.
Your four strong arms can wield two-handed weapons with a shield.
You have a pair of large antennae on your head. (SInv)


Message History

The bag of meat convulses!
The scourge convulses!
Your body is wracked with pain!
* * * LOW HITPOINT WARNING * * *
The eight-headed meat hydra convulses!
Unknown command.
Unknown command.
Okay, then.
You extend your mandibles.
You dig through the rock wall.
You hear a shout! x10
You dig through the rock wall.
You hear a shout! x13
The eight-headed meat hydra calls on the powers of darkness!
The eight-headed meat hydra convulses! x2; The bag of meat convulses! x2
The observer convulses!
Your body is wracked with pain!
* * * LOW HITPOINT WARNING * * *
The bag of meat convulses!
You hear a shout!
The bag of meat hits you with a +9 war axe!
You die... ..zO°p. oo{{SWD o{{.{OW G{{{{p

### {V{9#{
#@##{{{{##
##o#{...{#§
##DD§.z.G#
##)#)WG..##
#.##o...#V§
##.#..oM#...
#.##........
##.#........
#.##........


You could see an accursed, 2 eight-headed meat hydras, an observer (fast,
invisible), a dread and 3 bags of meat.

Vanquished Creatures
  2 hell knights (D)
  Sigmund (D)
  5 hell beasts (D)
  A greater mummy (D)
  A great orb of eyes (D)
  A wraith (D)
  15 vampire knights (D)
  32 ogres (D)
  4 two-headed ogres (D)
  2 hydras (D)
  68 orcs (D)
  2 skeletal warriors (D)
  2 sea snakes (D)
  5 large abominations (D)
  4 small abominations (D)
  2 crawling corpses (D)
147 creatures vanquished.

Vanquished Creatures (others)
  2 two-headed ogres (D)
  2 hydras (D)
  3 orcs (D)
  A sea snake (D)
  A small abomination (D)
  2 crawling corpses (D)
11 creatures vanquished.

Grand Total: 158 creatures vanquished

Notes
Turn   | Place    | Note
-------+----------+-------------------------------------------
     0 | D        | Found the +∞ Axe of Woe
     0 | D        | olmar the Formicid Fighter began the quest for the Orb.
     0 | D        | Reached XP level 1. HP: 18/18 MP: 1/1
     1 | D        | Noticed a bag of meat
     1 | D        | Noticed a bag of meat
     3 | D        | Became a worshipper of Makhleb the Destroyer
     3 | D        | Noticed a bag of meat
     3 | D        | Noticed a bag of meat
     5 | D        | Noticed a bag of meat
     6 | D        | Noticed a meat berserker
     7 | D        | Killed a bag of meat
     7 | D        | Reached XP level 2. HP: 47/47 MP: 2/2
     7 | D        | Reached XP level 3. HP: 53/53 MP: 3/3
     7 | D        | Reached XP level 4. HP: 60/60 MP: 4/4
     7 | D        | Reached XP level 5. HP: 67/67 MP: 5/5
     7 | D        | Reached XP level 6. HP: 74/74 MP: 6/6
     7 | D        | Reached XP level 7. HP: 80/80 MP: 7/7
     7 | D        | Reached XP level 8. HP: 87/87 MP: 8/8
     7 | D        | Reached XP level 9. HP: 93/93 MP: 9/9
     7 | D        | Reached XP level 10. HP: 101/101 MP: 10/10
     7 | D        | Reached XP level 11. HP: 107/107 MP: 11/11
     7 | D        | Reached XP level 12. HP: 114/114 MP: 12/12
     7 | D        | Noticed a meat berserker
     8 | D        | Killed a meat berserker
     8 | D        | Reached * piety under Makhleb
     8 | D        | Reached XP level 13. HP: 130/130 MP: 13/13
     8 | D        | Reached XP level 14. HP: 138/138 MP: 14/14
     8 | D        | Killed a bag of meat
     8 | D        | Reached XP level 15. HP: 148/148 MP: 15/15
     9 | D        | Noticed a meat berserker
    11 | D        | Killed a meat berserker
    11 | D        | Reached skill level 15 in Axes
    11 | D        | Reached XP level 16. HP: 160/160 MP: 16/16
    11 | D        | Reached ** piety under Makhleb
    11 | D        | Reached skill level 27 in Shields
    12 | D        | Noticed a meat berserker
    12 | D        | Noticed a meat berserker
    13 | D        | Killed a meat berserker
    13 | D        | Reached skill level 27 in Fighting
    13 | D        | Reached skill level 27 in Armour
    13 | D        | Reached XP level 17. HP: 174/174 MP: 17/17
    15 | D        | Killed a meat berserker
    15 | D        | Reached XP level 18. HP: 182/182 MP: 18/18
    15 | D        | Reached *** piety under Makhleb
    15 | D        | Reached skill level 27 in Axes
    15 | D        | Noticed a meat berserker
    16 | D        | Noticed a meat berserker
    17 | D        | Noticed a large bag of meat
    18 | D        | Noticed a meat berserker
    19 | D        | Killed a meat berserker
    19 | D        | Reached **** piety under Makhleb
    19 | D        | Reached XP level 19. HP: 189/189 MP: 18/35
    19 | D        | Killed a meat berserker
    19 | D        | Reached skill level 15 in Throwing
    19 | D        | Reached skill level 15 in Unarmed Combat
    19 | D        | Reached XP level 20. HP: 197/197 MP: 18/38
    19 | D        | Killed a meat berserker
    19 | D        | Reached skill level 15 in Dodging
    19 | D        | Reached ***** piety under Makhleb
    19 | D        | Reached XP level 21. HP: 204/204 MP: 18/43
    19 | D        | Noticed a meat berserker
    20 | D        | Noticed a meat berserker
    21 | D        | Noticed a meat berserker
    21 | D        | Noticed a meat berserker
    22 | D        | Noticed a meat berserker
    23 | D        | Killed a meat berserker
    23 | D        | Killed a meat berserker
    23 | D        | Reached XP level 22. HP: 212/212 MP: 19/47
    23 | D        | Reached skill level 27 in Stealth
    23 | D        | Killed a meat berserker
    23 | D        | Noticed a meat berserker
    24 | D        | Noticed a meat berserker
    24 | D        | Reached ****** piety under Makhleb
    24 | D        | Reached skill level 27 in Invocations
    24 | D        | Reached XP level 23. HP: 219/219 MP: 20/51
    25 | D        | Noticed a large bag of meat
    26 | D        | Reached skill level 27 in Throwing
    26 | D        | Reached skill level 27 in Unarmed Combat
    26 | D        | Reached skill level 27 in Dodging
    26 | D        | Reached skill level 27 in Spellcasting
    26 | D        | Reached XP level 24. HP: 227/227 MP: 20/54
    26 | D        | Noticed a large bag of meat
    28 | D        | Reached XP level 25. HP: 234/234 MP: 21/54
    30 | D        | Reached XP level 26. HP: 242/242 MP: 21/54
    30 | D        | Killed a large bag of meat
    30 | D        | Noticed a destroyer
    31 | D        | Noticed a destroyer
    32 | D        | Reached XP level 27. HP: 155/249 MP: 22/54
    32 | D        | Noticed a destroyer
    33 | D        | Noticed a destroyer
    34 | D        | Noticed a destroyer
    36 | D        | Killed a destroyer
    39 | D        | Noticed a destroyer
    39 | D        | Killed a destroyer
    39 | D        | Killed a destroyer
    42 | D        | Killed a large bag of meat
    42 | D        | Killed a destroyer
    48 | D        | Killed a destroyer
    48 | D        | Killed a large bag of meat
    48 | D        | Noticed a large bag of meat
    49 | D        | Noticed a destroyer
    50 | D        | Noticed an accursed
    50 | D        | Killed a destroyer
    55 | D        | Noticed a tyrant
    55 | D        | Noticed a destroyer
    56 | D        | Killed a destroyer
    57 | D        | Killed a large bag of meat
    73 | D        | Noticed a meat beast
    82 | D        | Noticed a meat beast
    85 | D        | Noticed a dread
   134 | D        | Noticed a meat beast
   134 | D        | Noticed a fleshlord
   135 | D        | Noticed a destroyer
   135 | D        | Noticed an accursed
   135 | D        | Noticed a destroyer
   135 | D        | Noticed The Captor
   135 | D        | Noticed a meat beast
   135 | D        | Noticed a destroyer
   135 | D        | Noticed a destroyer
   136 | D        | Noticed a destroyer
   136 | D        | Noticed a dread
   138 | D        | Noticed a meat beast
   138 | D        | Killed a meat beast
   141 | D        | Noticed a fleshlord
   141 | D        | Killed a meat beast
   141 | D        | Killed a fleshlord
   141 | D        | Killed a destroyer
   142 | D        | Killed a destroyer
   143 | D        | Noticed a dread
   143 | D        | Noticed an accursed
   143 | D        | Killed a large bag of meat
   144 | D        | Killed a destroyer
   145 | D        | Noticed a dread
   145 | D        | Killed a large bag of meat
   146 | D        | Killed a meat beast
   147 | D        | Noticed a meat beast
   148 | D        | Killed a destroyer
   148 | D        | Killed a destroyer
   149 | D        | Killed a dread
   150 | D        | Killed The Captor
   150 | D        | Killed an accursed
   153 | D        | Killed a meat beast
   161 | D        | Killed a fleshlord
   209 | D        | Noticed a large bag of meat
   209 | D        | Noticed a destroyer
   209 | D        | Noticed a destroyer
   209 | D        | Noticed a destroyer
   209 | D        | Noticed a destroyer
   209 | D        | Noticed an accursed
   209 | D        | Noticed a large bag of meat
   209 | D        | Noticed a destroyer
   209 | D        | Noticed a meat beast
   209 | D        | Noticed a dread
   209 | D        | Noticed a fleshlord
   209 | D        | Noticed a fleshlord
   209 | D        | Noticed a fleshlord
   209 | D        | Noticed a meat beast
   209 | D        | Noticed a vile
   209 | D        | Noticed a fleshlord
   210 | D        | Killed a destroyer
   210 | D        | HP: 8/249 [accursed/divine providence (16)]
   211 | D        | Killed a destroyer
   211 | D        | Killed a destroyer
   211 | D        | Killed a meat beast
   211 | D        | Noticed a destroyer
   213 | D        | Mangled by a bag of meat

Illustrated notes

Levels and vault maps discovered:
D:        meatsprint

Skill      XL: |  1  2  3  4  5  6  7  8  9 10 11 12 13 14 15 16 17 18 19 20 21 22 23 |
---------------+----------------------------------------------------------------------+-----
Fighting       | 17 21 22 24 27 | 27.0
Axes           | 9 12 13 15 19 25 27 | 27.0
Armour         | 17 20 21 23 27 | 27.0
Shields        | 18 22 23 26 27 | 27.0
Throwing       | 12 15 18 21 24 27 | 27.0
Dodging        | 11 14 17 20 23 27 | 27.0
Stealth        | 16 18 22 26 27 | 27.0
Unarmed Combat | 12 15 18 21 24 27 | 27.0
Spellcasting   | 12 14 18 21 24 27 | 27.0
Invocations    | 14 17 20 24 27 | 27.0

Action                   |  1- 3 |  4- 6 |  7- 9 | 10-12 | 13-15 | 16-18 | 19-21 | 22-24 | 25-27 || total
-------------------------+-------+-------+-------+-------+-------+-------+-------+-------+-------++-------
Melee: Executioner's axe |     1 |       |       |     1 |     1 |     3 |     1 |     3 |    47 ||    57
 Abil: Dig               |       |       |       |       |       |       |       |       |     7 ||     7
  Use: Potion            |       |       |       |       |       |       |       |       |     1 ||     1
Armor: Scale mail        |       |       |       |     1 |       |       |       |       |       ||     1
Dodge: Dodged            |       |       |       |       |       |     3 |       |       |     8 ||    11
Block: Kite shield       |       |       |       |       |     1 |       |     1 |     1 |    15 ||    18

Table legend: (Time is in decaauts)
 A = Elapsed time spent in this place.
 B = Non-inter-level travel time spent in this place.
 C = Inter-level travel time spent in this place.
 D = Time resting spent in this place.
 E = Time spent auto-exploring this place.
 F = Levels seen in this place.
 G = Mean time per level.
                   A        B        C        D        E       F      G
               +--------+--------+--------+--------+--------+-----+--------+
         Total |    215 |    215 |      0 |     37 |      0 |   1 |  215.0 |
       Dungeon |    215 |    215 |      0 |     37 |      0 |   1 |  215.0 |
               +--------+--------+--------+--------+--------+-----+--------+

Top non-repeatable levels by time:
       D: 215 daAuts
